 Dungeon Crawl Stone Soup version 0.31-a0-344-gd109795599 (webtiles) character file.

Game seed: 16685610335039070582

51 LeprechaunX the Ruffian (level 3, -1/24 HPs)
             Began as an Octopode Shapeshifter on July 22, 2023.
             Slain by a gnoll
             ... wielding a +0 whip
              (8 damage)
             ... on level 2 of the Dungeon.
             The game lasted 00:00:48 (996 turns).

LeprechaunX the Ruffian (Octopode Shapeshifter)      Turns: 996, Time: 00:00:49

Health: -1/24      AC:  1    Str: 16    XL:     3   Next: 81%
Magic:  3/3        EV: 13    Int: 10    God:
Gold:   73         SH:  0    Dex: 12    Spells: 2/2 levels left

rFire   . .          .
                       - Unarmed
rCold   . . .        (no shield)
rNeg    . . .        (helmet currently unavailable)
rPois   .            (no amulet)
rElec   .            (no ring)
rCorr   .            (no ring)
SInv    .            (no ring)
Will    .....        (no ring)
Stlth   ++           (no ring)
HPRegen 0.24/turn    (no ring)
MPRegen 0.08/turn    (no ring)
                     (no ring)

%: no passive effects
@: beast-form
A: beast (slay +2), almost no armour, amphibious, 8 rings, camouflage 1,
gelatinous body 1, (nimble swimmer 1), tentacles
a: Begin Untransformation


You were on level 2 of the Dungeon.
You were a hulking beast.
You visited 1 branch of the dungeon, and saw 2 of its levels.

You collected 73 gold pieces.

Inventory:

Talismans
 b - a beast talisman
Potions
 a - a potion of lignification
 c - 3 potions of enlightenment {unknown}
 d - a potion of might {unknown}
 e - a potion of brilliance {unknown}
 f - a potion of berserk rage {unknown}


   Skills:
 + Level 1.7 Fighting
 + Level 2.4 Dodging
 * Level 3.7 Unarmed Combat
 + Level 3.2 Shapeshifting


You had 2 spell levels left.
You didn't know any spells.
Your spell library contained the following spells:

 Spells                   Type           Power      Damage    Failure   Level
 Sublimation of Blood     Necr           0%         N/A       50%         2
 Petrify                  Tmut/Erth      0%         N/A       98%         4
 Irradiate                Conj/Tmut      0%         3d11      100%        5


Dungeon Overview and Level Annotations

Branches:
Dungeon (2/15)

Altars:


Innate Abilities, Weirdness & Mutations

You are a hulking beast.
Your limbs bulge with bestial killing power. (Slay +2)
You cannot wear most types of armour.
You are amphibious.
You can wear up to eight rings at the same time.
Your skin changes colour to match your surroundings (Stealth+).
Your rubbery body absorbs attacks. (AC +1, EV +1)
((You are camouflaged when in or above water. (Stealth+)))
You have tentacles for arms and can constrict up to eight enemies at once.


Message History

The gnoll is moderately wounded.
You constrict the gnoll. The gnoll hits you with a +0 club.
You tentacle-slap the gnoll but do no damage.
The gnoll is heavily wounded.
You constrict the gnoll. The gnoll hits you with a +0 club!
You are too injured to fight recklessly!
You are too injured to fight recklessly!
You are too injured to fight recklessly!
You are too injured to fight recklessly!
You are too injured to fight recklessly!
You are too injured to fight recklessly!
You are too injured to fight recklessly!
You are too injured to fight recklessly!
You are too injured to fight recklessly!
You are too injured to fight recklessly!
You are too injured to fight recklessly!
You are too injured to fight recklessly!
You are too injured to fight recklessly!
You are too injured to fight recklessly!
You are too injured to fight recklessly!
You are too injured to fight recklessly!
Unknown command.
You tentacle-slap the gnoll. You squeeze the gnoll.
You kill the gnoll!
You tentacle-slap the gnoll. You grab the gnoll.
The gnoll is lightly wounded.
You constrict the gnoll. The gnoll barely misses you.
You bludgeon the gnoll!
You kill the gnoll!
You tentacle-slap the gnoll. Your grab misses the gnoll.
The gnoll is moderately wounded.
The gnoll barely misses you.
You closely miss the gnoll. You grab the gnoll.
The gnoll is moderately wounded.
You constrict the gnoll. The gnoll hits you with a +0 whip.
* * * LOW HITPOINT WARNING * * *
You tentacle-slap the gnoll.
The gnoll is almost dead.
You constrict the gnoll. The gnoll hits you with a +0 whip!
You die...

##.#.........#.##
#.# #
#.#......#####.#
#.# # ##.#######
#.# #.### #.# #+#
#.... #####.#####
... #####
#.........# ....
## #.###.#.#.#
..... ##.
#.....###r.....
##..
#......hgg.....
....
#.....###......
##.. ###...#
..... ##. .....#
.... ## ####.##
... #.# +# ..# ##


You could see 2 gnolls and a rat.

Vanquished Creatures
  2 gnolls (D:2)
  3 dart slugs (D:1)
  An endoplasm (D:1)
  A giant cockroach (D:1)
  4 goblins
  3 hobgoblins (D:1)
  2 quokkas (D:1)
  3 ball pythons (D:1)
  A frilled lizard (D:1)
  2 kobolds (D:1)
  3 rats (D:1)
25 creatures vanquished.

Notes
Turn   | Place    | Note
-------+----------+-------------------------------------------
     0 | D:1      | LeprechaunX the Octopode Shapeshifter began the quest for
                  | the Orb.
     0 | D:1      | Reached XP level 1. HP: 13/13 MP: 1/1
   168 | D:1      | Reached XP level 2. HP: 16/18 MP: 2/2
   476 | D:1      | Found a faded altar of an unknown god.
   526 | D:1      | Reached XP level 3. HP: 23/23 MP: 3/3
   996 | D:2      | Slain by a gnoll

Illustrated notes

Levels and vault maps discovered:
D:1:      amcnicky_arrival_wind_blow, layout_basic, basic_ecumenical_altar
D:2:      layout_loops_corners

Action                     || total
---------------------------++-------
  Melee: Unarmed           ||    41
         Constrict         ||    13
         Tentacles         ||     7
   Stab: Sleeping          ||     4
 Armour: Skin              ||     2
  Dodge: Dodged            ||    13

Table legend: (Time is in decaauts)
 A = Elapsed time spent in this place.
 B = Non-inter-level travel time spent in this place.
 C = Inter-level travel time spent in this place.
 D = Time resting spent in this place.
 E = Time spent auto-exploring this place.
 F = Levels seen in this place.
 G = Mean time per level.
                   A        B        C        D        E       F      G
               +--------+--------+--------+--------+--------+-----+--------+
         Total |    993 |    933 |     60 |      0 |    804 |   2 |  496.5 |
       Dungeon |    993 |    933 |     60 |      0 |    804 |   2 |  496.5 |
               +--------+--------+--------+--------+--------+-----+--------+

Top non-repeatable levels by time:
     D:1: 900 daAuts
     D:2: 93 daAuts
